 Dungeon Crawl Stone Soup version 0.31.0-32-g396128a36d (webtiles) character file.

Game seed: 11860569180556878818

9077 spaghetti the Summoner (level 11, -20/104 HPs)
             Began as a Naga Chaos Knight on Mar 9, 2024.
             Was a Plaything of Xom.
             Killed from afar by Lodul (34 damage)
             ... with a bolt of lightning
             ... on level 11 of the Dungeon.
             The game lasted 00:22:48 (13406 turns).

spaghetti the Summoner (Naga Chaos Knight)         Turns: 13406, Time: 00:22:49

Health: -20/104    AC: 14    Str: 15    XL:     11   Next: 40%
Magic:  2/21       EV:  9    Int: 24    God:    Xom [...*..]
Gold:   1683       SH:  5    Dex: 11    Spells: 14/23 levels left

rFire   . . .        u - +0 dagger (venom)
rCold   + . .        (no shield)
rNeg    . . .        e - +1 robe of Poeples {Int+5 Slay+6}
rPois   +            j - +2 hat "Secrofish" {Fly Int+3 Stlth-}
rElec   .            m - +0 cloak
rCorr   .            A - +0 pair of gloves
SInv    +            l - +0 barding
Will    ++...        z - amulet of reflection
Stlth   x              - ring of flight
HPRegen 0.37/turn    (no ring)
MPRegen 0.17/turn

%: reflection
@: flying, inugami summoned, very slow
A: AC +3, large, see invisible, deformed body, poison resistance, slowness 2,
spit poison 1, naga tail 1, horns 1, cold resistance 1, strong-willed 1, noise
suppression, persistent drain
a: Spit Poison, Renounce Religion


You were on level 11 of the Dungeon.
You worshipped Xom.
You were a favourite toy of Xom.
You visited 1 branch of the dungeon, and saw 12 of its levels.

You collected 1727 gold pieces.
You spent 44 gold pieces at shops.

Inventory:

Hand Weapons
 a - a +0 spear of chaos
 r - a -2 executioner's axe
 s - a -2 morningstar of holy wrath
 u - a +0 dagger of venom (weapon)
Missiles
 w - a throwing net
Armour
 b - a +2 leather armour
 e - the +1 robe of Poeples (worn) {Int+5 Slay+6}
   (You found it on level 5 of the Dungeon)

   Int+5:     It affects your intelligence (+5).
   Slay+6:    It affects your accuracy & damage with ranged weapons and melee
   (+6).
 j - the +2 hat "Secrofish" (worn) {Fly Int+3 Stlth-}
   (You found it on level 6 of the Dungeon)

   Int+3:     It affects your intelligence (+3).
   Fly:       It grants you flight.
   Stlth-:    It makes you less stealthy.
 l - a +0 barding (worn)
 m - a +0 cloak (worn)
 A - a +0 pair of gloves (worn)
Magical Staves
 f - a staff of conjuration
Jewellery
 x - a ring of flight (left hand)
 z - an amulet of reflection (around neck)
Wands
 n - a wand of flame (13)
Scrolls
 c - 2 scrolls of noise
 h - a scroll of brand weapon
 o - a scroll of fog
 p - a scroll of poison {unknown}
 q - 2 scrolls of torment
 v - 3 scrolls of vulnerability
 y - 2 scrolls of revelation
 B - a scroll of amnesia
 E - a scroll of enchant armour
Potions
 d - a potion of lignification
 i - 2 potions of curing
 k - 2 potions of might
 t - a potion of attraction


   Skills:
 - Level 8.5 Fighting
 - Level 3.0 Polearms
 - Level 1.5 Armour
 - Level 6.6 Dodging
 - Level 6.8 Spellcasting
 - Level 10.0 Summonings
 - Level 5.0 Necromancy
 + Level 0.0 Evocations


You had 14 spell levels left.
You knew the following spells:

 Your Spells              Type           Power      Damage    Failure   Level
a - Call Imp              Summ           100%       N/A       1%          2
b - Call Canine Familiar  Summ           54%        N/A       1%          3
c - Martyr's Knell        Necr/Summ      44%        N/A       3%          4

Your spell library contained the following spells:

 Spells                   Type           Power      Damage    Failure   Level
 Necrotise                Necr           100%       1d9       1%          1
 Summon Small Mammal      Summ           100%       N/A       1%          1
 Fugue of the Fallen      Necr           32%        N/A       2%          3
 Vampiric Draining        Necr           32%        2d8       2%          3
 Magic Dart               Conj           32%        1d4       8%          1
 Summon Blazeheart Golem  Fire/Summ      32%        N/A       10%         4
 Blink                    Tloc           16%        N/A       11%         2
 Ensorcelled Hibernation  Hex/Ice        16%        N/A       11%         2
 Anguish                  Hex/Necr       10%        N/A       26%         4
 Curse of Agony           Necr           32%        N/A       26%         5
 Summon Forest            Summ/Tloc      16%        N/A       26%         5
 Olgreb's Toxic Radiance  Alch           8%         N/A       58%         4
 Summon Hydra             Summ           27%        N/A       71%         7
 Haunt                    Necr/Summ      22%        N/A       96%         7
 Eringya's Noxious Bog    Alch           4%         4d6       100%        6
 Ozocubu's Refrigeration  Ice            4%         4d8       100%        7
 Borgnjor's Revivificati  Necr           16%        N/A       100%        8
 Discord                  Hex            4%         N/A       100%        8
 Death's Door             Necr           16%        N/A       100%        9


Dungeon Overview and Level Annotations

Branches:
Dungeon (12/15)            Temple (0/1) D:7
   Lair: D:8-11         Orc: D:9-12

Altars:
Ashenzari
Elyvilon
Fedhas
Hepliaklqana
Kikubaaqudgha
Nemelex Xobeh
Qazlal
Trog
Uskayaw
Vehumet
Wu Jian
Xom
Yredelemnul
The Shining One

Shops:
D:8 ?

Annotations:
D:11 Lodul


Innate Abilities, Weirdness & Mutations

Your serpentine skin is tough. (AC +3)
You have supernaturally acute eyesight. (SInv)
Armour fits poorly on your strangely shaped body.
Your system is resistant to poisons. (rPois)
You cover ground very slowly.
You can spit poison.
You have a snake-like lower body.
You have a pair of small horns on your head.
Your flesh is cold resistant. (rC+)
You are strong-willed. (Will+)
You passively dampen the noise of your surroundings.
Your health recovers twice as slowly from being drained.


Message History

The gargoyle is almost destroyed.
The bolt of dispelling energy hits the orc warrior.
The orc warrior is heavily wounded.
The now-empty wand crumbles to dust.
The gargoyle hurls a stone arrow at you.
The stone arrow hits you.
Aiming: Throw Flame
Press: ? - help, Shift-Dir - straight line, f/p - orc warrior
Aim: an orc warrior, wielding a +1 halberd of venom, wearing a +0 plate armour and quivering boomerangs (heavily wounded, ally target, 68% to hit)
Okay, then.
You hit the gargoyle but do no damage. Your headbutt misses the gargoyle.
The gargoyle is almost destroyed.
The gargoyle closely misses you.
You hit the gargoyle.
The gargoyle is almost destroyed.
The gargoyle hurls a stone arrow at you.
The stone arrow hits you!!
* * * LOW HITPOINT WARNING * * *
The orc warrior hits you from afar with a +1 halberd of venom!
* * * LOW HITPOINT WARNING * * *
Your inugami barely misses the orc warrior.
Blink to where?
Press: ? - help, Dir - move target, p - orc warrior Lodul, an ogre and an orc come into view.
Lodul is wielding a +2 heavy dire flail.
As you read the scroll of blinking, it crumbles to dust.
Lodul shouts!
The ogre shouts!
The orc shouts!
The orc closely misses your inugami.
The orc warrior barely misses your inugami.
An ogre comes into view. It is wielding a +0 giant spiked club.
Your inugami barely misses the orc warrior.
Okay, then.
Okay, then.
Your inugami hits the orc warrior but does no damage.
The orc hits you but does no damage.
The orc warrior throws a boomerang.
The boomerang hits your inugami but does no damage.
Electricity crackles from Lodul's apparatus.
The bolt of lightning hits you!!
You die...
Xom snickers!

#.# #.# #.#
########)###### #
#......../.)....
#.##......†..O)....
#....#>####.#####..
#####.#o#......
#.....@)..O..O.#
#........##.....#
#......O.##...O.# .
#........# ....#
#.....9ho## .
#......o..# ..
#####.#.#..... .
#.#§####.. . #.#.#
#.#


You could see Lodul, an orc warrior (ally target), a gargoyle, 2 ogres, 2 orcs
and a friendly inugami (summoned).

Vanquished Creatures
  A two-headed ogre (D:9)
  An unseen horror (D:12)
  A komodo dragon (D:6)
  2 nameless horrors (D:6)
  A kobold demonologist (D:11)
  A vampire (D:9)
  A wyvern (D:9)
  9 yaks
  A shadow (D:10)
  A steam dragon (D:7)
  A water moccasin (D:7)
  2 orc warriors
  2 black bears
  A wolf (D:11)
  A centaur (D:7)
  A phantom (D:7)
  2 kobold brigands
  A bullfrog (D:4)
  2 scorpions
  A burial acolyte (D:8)
  3 wights (D:9)
  9 killer bees
  A howler monkey (D:9)
  4 orc priests
  2 gnoll boudas
  A hound (D:6)
  3 orc wizards
  3 scorpion zombies (D:7)
  A sleepcap (D:5)
  A hound zombie (D:8)
  6 gnolls
  2 howler monkey skeletons (D:7)
  5 adders
  A shadow imp (D:8)
  A white imp (D:6)
  2 ufetubi (D:5)
  2 adder zombies (D:8)
  2 ribbon worms (D:2)
  4 dart slugs
  15 orcs
  9 bats
  2 endoplasms
  4 giant cockroaches
  3 gnoll zombies (D:8)
  5 goblins
  11 hobgoblins
  8 jackals
  A quokka (D:2)
  11 ball pythons
  6 frilled lizards
  11 kobolds
  7 rats
179 creatures vanquished.

Vanquished Creatures (collateral kills)
  A two-headed ogre (D:10)
  A troll (D:10)
  A hornet (D:9)
  A raiju (D:11)
  A nameless horror (D:5)
  3 yaks
  2 wyverns
  Grum (D:11)
  An orc warrior (D:10)
  A sky beast (D:7)
  2 ice beasts
  4 ogres (D:11)
  A wolf (D:11)
  A centaur (D:6)
  A kobold brigand (D:9)
  A scorpion (D:4)
  2 killer bees (D:8)
  A cerulean imp (D:8)
  2 sleepcaps
  5 orc priests
  2 iguanas
  2 orc wizards
  A scorpion zombie (D:7)
  8 gnolls
  A howler monkey skeleton (D:7)
  An adder (D:3)
  A shadow imp (D:5)
  17 orcs
  2 bats
  An endoplasm (D:4)
  A goblin (D:2)
  A hobgoblin (D:4)
  3 jackals
  10 kobolds
  A quokka (D:3)
  A ball python (D:4)
  A kobold zombie (D:8)
  A rat (D:3)
88 creatures vanquished.

Vanquished Creatures (others)
  An orc wizard (D:6)
1 creature vanquished.

Grand Total: 268 creatures vanquished

Notes
Turn   | Place    | Note
-------+----------+-------------------------------------------
     0 | D:1      | spaghetti the Naga Chaos Knight began the quest for the
                  | Orb.
     0 | D:1      | Reached XP level 1. HP: 21/21 MP: 1/1
   168 | D:1      | Reached skill level 1 in Dodging
   173 | D:1      | Reached XP level 2. HP: 26/28 MP: 2/2
   275 | D:1      | XOM: silly message
   472 | D:1      | XOM: silly message
   646 | D:2      | Reached XP level 3. HP: 32/34 MP: 3/3
   649 | D:2      | Learned a level 2 spell: Call Imp
  1036 | D:2      | Reached skill level 1 in Summonings
  1036 | D:2      | Reached XP level 4. HP: 36/44 MP: 0/5
  1210 | D:2      | XOM: silly message
  1364 | D:2      | Reached skill level 1 in Spellcasting
  1785 | D:3      | XOM: divination: detect creatures
  1798 | D:3      | Reached XP level 5. HP: 40/50 MP: 2/7
  1859 | D:3      | Found a blossoming altar of Fedhas.
  1860 | D:3      | Found a stormy altar of Qazlal.
  2104 | D:3      | XOM: 7-stop teleportation journey
  2233 | D:3      | Found a sparkling altar of Nemelex Xobeh.
  2402 | D:3      | XOM: god gift: crooked jewelled staff {god gift}
  2597 | D:4      | Learned a level 3 spell: Call Canine Familiar
  2630 | D:4      | XOM: scenery: summon butterflies
  2658 | D:4      | XOM: give mutations
  2658 | D:4      | Gained mutation: You occasionally lose the ability to drink
                  | potions when taking damage. [Xom's mischief]
  2658 | D:4      | Gained mutation: Your flesh is cold resistant. (rC+) [Xom's
                  | mischief]
  2658 | D:4      | Gained mutation: You are resistant to electric shocks.
                  | (rElec) [Xom's mischief]
  2709 | D:4      | XOM: cloud trail
  2891 | D:4      | Reached skill level 2 in Summonings
  2968 | D:4      | XOM: give mutation
  2968 | D:4      | Lost mutation: You are resistant to electric shocks.
                  | (rElec) [Xom's mischief]
  3000 | D:4      | XOM: give mutations
  3000 | D:4      | Gained mutation: You possess an exceptional clarity of
                  | mind. [Xom's grace]
  3000 | D:4      | Gained mutation: You are strong-willed. (Will+) [Xom's
                  | grace]
  3023 | D:4      | Reached XP level 6. HP: 53/58 MP: 7/9
  3061 | D:4      | XOM: 1-stop teleportation journey
  3174 | D:4      | You fall into a shaft and drop 2 floors!
  3207 | D:6      | Noticed an orc warrior
  3213 | D:6      | XOM: confuse monster(s)
  3225 | D:6      | XOM: destruction
  3241 | D:6      | Killed an orc warrior
  3242 | D:6      | Reached skill level 3 in Summonings
  3365 | D:6      | XOM: scenery: summon butterflies
  3445 | D:5      | Entered Level 5 of the Dungeon
  3448 | D:5      | Noticed a black bear
  3453 | D:5      | XOM: noise
  3456 | D:6      | XOM: 1-stop teleportation journey
  3742 | D:5      | Reached XP level 7. HP: 66/66 MP: 6/10
  4085 | D:5      | XOM: polymorph inugami -> dart slug
  4248 | D:5      | Identified the +1 robe of Poeples {Int+5 Slay+6}
  4272 | D:5      | XOM: summons 1 hostile demon
  4319 | D:5      | Learned a level 4 spell: Martyr's Knell
  4401 | D:5      | Reached skill level 4 in Summonings
  4435 | D:5      | Noticed a nameless horror
  4435 | D:5      | XOM: chaos upgrade
  4870 | D:4      | XOM: scenery: create altars
  4905 | D:4      | Reached skill level 5 in Fighting
  4988 | D:4      | Reached skill level 1 in Necromancy
  5052 | D:4      | XOM: polymorph inugami -> rat
  5287 | D:5      | XOM: polymorph inugami -> spriggan
  5291 | D:5      | Killed a nameless horror
  5330 | D:5      | XOM: silly message
  5404 | D:5      | XOM: 3-stop teleportation journey
  5460 | D:5      | XOM: 2-stop teleportation journey
  5641 | D:5      | Reached XP level 8. HP: 56/74 MP: 8/12
  5924 | D:5      | Noticed a nameless horror
  5957 | D:6      | XOM: summons 3 friendly demons
  5959 | D:6      | XOM: noise
  5963 | D:6      | Killed a nameless horror
  5964 | D:6      | XOM: fog
  5966 | D:6      | XOM: potion effect (curing)
  5973 | D:6      | Identified a scroll of acquirement
  5973 | D:6      | Acquired 1086 gold pieces
  6090 | D:6      | Reached skill level 5 in Summonings
  6250 | D:6      | Found a glowing golden altar of the Shining One.
  6288 | D:6      | Identified the +2 hat "Secrofish" {Fly Int+3 Stlth-}
  6385 | D:6      | Noticed a nameless horror
  6390 | D:6      | XOM: enchant monster (good)
  6393 | D:6      | XOM: summons 2 friendly demons
  6396 | D:6      | Killed a nameless horror
  6502 | D:6      | Noticed a komodo dragon
  6503 | D:6      | XOM: confuse monster(s)
  6506 | D:6      | XOM: silly message
  6532 | D:6      | Killed a komodo dragon
  6533 | D:6      | Reached skill level 6 in Summonings
  6685 | D:6      | Reached XP level 9. HP: 82/82 MP: 7/15
  6753 | D:6      | Found a radiant altar of Vehumet.
  6890 | D:6      | Found a hide-covered altar of Uskayaw.
  6891 | D:6      | Found a broken altar of Ashenzari.
  7050 | D:6      | Found an ornate altar of the Wu Jian Council.
  7200 | D:7      | XOM: divination: magic mapping
  7346 | D:7      | Found a white marble altar of Elyvilon.
  7346 | D:7      | XOM: 2-stop teleportation journey
  7601 | D:7      | XOM: 1-stop teleportation journey
  7684 | D:7      | XOM: torment (42/82 hp)
  7838 | D:7      | XOM: give mutations
  7838 | D:7      | Lost mutation: You occasionally lose the ability to drink
                  | potions when taking damage. [Xom's mischief]
  7838 | D:7      | Gained mutation: Your tail ends in a venomous barb. [Xom's
                  | mischief]
  7838 | D:7      | Gained mutation: You passively map a small area around you.
                  | [Xom's mischief]
  7838 | D:7      | Gained mutation: Your health recovers twice as slowly from
                  | being drained. [Xom's mischief]
  7982 | D:7      | XOM: polymorph inugami -> jelly
  8049 | D:7      | Found a staircase to the Ecumenical Temple.
  8396 | D:7      | Reached skill level 7 in Summonings
  8399 | D:7      | XOM: confuse monster(s)
  8656 | D:7      | XOM: stat loss: -1 Int (23/24)
  8848 | D:7      | XOM: noise
  8875 | D:8      | XOM: silly message
  8961 | D:8      | Found an ancient bone altar of Kikubaaqudgha.
  8987 | D:8      | XOM: stat loss: -1 Str (14/15)
  9483 | D:8      | Found Qoduu's Magic Scroll Emporium.
  9499 | D:8      | Bought a scroll of identify for 22 gold pieces
  9501 | D:8      | Bought a scroll of identify for 22 gold pieces
  9715 | D:8      | XOM: summons 2 hostile demons
  9716 | D:8      | Noticed a soul eater
  9795 | D:9      | XOM: 4-stop teleportation journey
  9806 | D:9      | Reached skill level 5 in Dodging
  9912 | D:9      | XOM: destruction
  9914 | D:9      | Reached skill level 5 in Spellcasting
  9914 | D:9      | Reached XP level 10. HP: 92/92 MP: 8/17
  9915 | D:9      | Reached skill level 8 in Summonings
 10044 | D:9      | XOM: summons 4 hostile shadow creatures
 10553 | D:9      | Paralysed by a hornet for 3 turns
 10758 | D:9      | XOM: draining
 10853 | D:9      | Noticed a two-headed ogre
 10861 | D:9      | XOM: chaos upgrade
 10865 | D:9      | Killed a two-headed ogre
 10866 | D:9      | Reached skill level 5 in Necromancy
 10898 | D:9      | XOM: noise
 11024 | D:9      | XOM: god gift: 36 gold pieces
 11326 | D:9      | XOM: silly message
 11410 | D:10     | Entered Level 10 of the Dungeon
 11448 | D:10     | Reached skill level 9 in Summonings
 11514 | D:10     | XOM: noise
 11659 | D:10     | Noticed a kobold demonologist
 11662 | D:10     | Noticed a rust devil
 11825 | D:10     | XOM: confuse monster(s)
 11901 | D:11     | XOM: confuse monster(s)
 11914 | D:11     | Killed a kobold demonologist
 12041 | D:10     | Noticed a two-headed ogre
 12053 | D:10     | Killed a two-headed ogre
 12489 | D:10     | XOM: noise
 12499 | D:10     | Found a hazy altar of Hepliaklqana.
 12499 | D:10     | Found a basalt altar of Yredelemnul.
 12500 | D:10     | Found a bloodstained altar of Trog.
 12528 | D:10     | Lost mutation: You passively map a small area around you.
                  | [potion of mutation]
 12528 | D:10     | Lost mutation: You possess an exceptional clarity of mind.
                  | [potion of mutation]
 12528 | D:10     | Lost mutation: Your tail ends in a venomous barb. [potion
                  | of mutation]
 12528 | D:10     | Gained mutation: You have a pair of small horns on your
                  | head. [potion of mutation]
 12528 | D:10     | Gained mutation: You passively dampen the noise of your
                  | surroundings. [potion of mutation]
 12607 | D:10     | Reached XP level 11. HP: 61/103 MP: 11/20
 12773 | D:10     | Reached skill level 10 in Summonings
 12972 | D:10     | XOM: divination: detect creatures
 13345 | D:11     | Noticed Grum
 13358 | D:11     | Killed Grum
 13395 | D:11     | XOM: silly message
 13398 | D:11     | XOM: polymorph ogre -> raiju
 13405 | D:11     | Noticed Lodul
 13406 | D:11     | Killed from afar by Lodul

Illustrated notes

Levels and vault maps discovered:
D:1:      ebering_hopf_link, layout_basic, minmay_misc_feat_roman
D:2:      layout_basic, chequers_serial_rivers_micro_d, moated_statue
D:3:      layout_basic, grunt_temple_overflow_forces_of_nature,
          mainiacjoe_overflow_catwalk
D:4:      old_forge, layout_loops_ring, minmay_misc_feat_more_columns
D:5:      layout_loops_cross
D:6:      layout_gridville, kennysheep_little_box, tso_altar,
          gammafunk_temple_overflow_statue, nzn_wu_jian_council_hall
D:7:      layout_basic, mainiacjoe_overflow_small_starburst,
          minmay_temple_entry_poolview, mainiacjoe_ossuary_entry_find_the_door,
          chequers_serial_rivers_small_a, minivault_11, minmay_hedge_maze,
          david_defended_altar_orc
D:8:      layout_rooms, lemuel_round_altar,
          regret_index_kikubaaqudgha_part_by_part, serial_shops,
          nicolae_shop_window_shopping
D:9:      layout_grid_maze
D:10:     layout_irregular_city, gammafunk_temple_overflow_claw,
          dreamdust_princess_corridor
D:11:     layout_basic, erik_lair_island, portal_ice_cave_rime, uniq_lodul,
          uniq_grum
D:12:     layout_roguey, david_orc_2, uniq_gastronok

Skill      XL: |  1  2  3  4  5  6  7  8  9 10 11 |
---------------+----------------------------------+-----
Dodging        | 1 2 3 4 5 6 |  6.6
Summonings     | 1 2 3 4 6 7 9 10 | 10.0
Spellcasting   | 1 2 3 4 5 6 |  6.8
Fighting       | 4 5 6 7 8 |  8.5
Necromancy     | 1 2 4 5 |  5.0
Polearms       | |  3.0
Armour         | |  1.5

Action                     |  1- 3 |  4- 6 |  7- 9 | 10-12 || total
---------------------------+-------+-------+-------+-------++-------
  Melee: Spear             |   133 |   177 |   378 |    80 ||   768
         Punch             |     2 |     2 |     4 |     3 ||    11
         Dagger            |       |       |       |    64 ||    64
         Headbutt          |       |       |       |    16 ||    16
   Cast: Call Imp          |     6 |    28 |    43 |    33 ||   110
         Call Canine Famil |       |     7 |    44 |    30 ||    81
         Martyr's Knell    |       |       |    28 |    30 ||    58
Ability: Spit Poison       |     1 |     2 |     1 |     2 ||     6
  Evoke: Wand              |       |       |     7 |     2 ||     9
    Use: Scroll            |       |     4 |    11 |     4 ||    19
         Potion            |       |       |     2 |     4 ||     6
   Stab: Distracted        |       |     2 |     4 |     1 ||     7
         Confused          |       |     4 |     1 |       ||     5
         Sleeping          |       |     1 |       |       ||     1
         Paralysed         |       |     1 |     3 |       ||     4
 Armour: Leather armour    |    81 |   133 |    32 |       ||   246
         Robe              |       |       |   204 |   175 ||   379
         Skin              |       |       |    97 |       ||    97
  Dodge: Dodged            |    51 |    76 |   124 |    60 ||   311
  Block: Other             |       |       |    21 |    34 ||    55
         Reflection        |       |       |       |     1 ||     1
